 Dungeon Crawl Stone Soup version 0.20.1-1-g8b1a95d (webtiles) character file.

732 vineage the Cudgeler (level 7, -4/44 HPs)
             Began as a Gargoyle Fighter on Sept 20, 2017.
             Was a Follower of Okawaru.
             Slain by an ogre
             ... wielding a +0 giant club
              (20 damage)
             ... on level 6 of the Dungeon.
             The game lasted 00:06:44 (3471 turns).

vineage the Cudgeler (Gargoyle Fighter)             Turns: 3471, Time: 00:06:45

Health: -4/44      AC: 13    Str: 21    XL:     7   Next: 73%
Magic:  7/7        EV:  8    Int:  8    God:    Okawaru [*.....]
Gold:   240        SH: 10    Dex: 10    Spells: 6/6 levels left

rFire    . . .     SeeInvis .   a - +0 flail
rCold    . . .     Gourm    .   c - +0 shield
rNeg     + . .     Faith    .   b - +0 scale mail
rPois    ∞         Spirit   .   (no helmet)
rElec    +         Reflect  .   l - +0 cloak
rCorr    .         Harm     .   (no gloves)
MR       .....                  (no boots)
Stlth    ..........             (no amulet)
Regen    0.2/turn               (no ring)
MPRegen  0.1/turn               (no ring)

@: no status effects
A: negative energy resistance 1, electricity resistance, unbreathing,
petrification resistance, rot immunity, AC +4
a: Heroism, Renounce Religion


You were on level 6 of the Dungeon.
You worshipped Okawaru.
Okawaru was aware of your devotion.
You were not hungry.

You visited 2 branches of the dungeon, and saw 7 of its levels.

You collected 240 gold pieces.

Inventory:

Hand Weapons
 a - a +0 flail (weapon)
Armour
 b - a +0 scale mail (worn)
 c - a +0 shield (worn)
 l - a +0 cloak (worn)
 n - a +0 pair of gloves
Wands
 o - a wand of confusion (41/48)
Scrolls
 d - 2 scrolls of identify
 h - 3 scrolls of random uselessness {unknown}
 p - 4 scrolls of remove curse
 q - a scroll of recharging
 s - a scroll of immolation {unknown}
Potions
 e - a potion of degeneration {unknown}
 i - 2 potions of curing
 j - 2 potions of flight
 k - 3 potions of brilliance
 m - a potion of haste
Comestibles
 f - 2 bread rations
 g - 4 meat rations
 r - 3 fruits
 t - 3 chunks of flesh


   Skills:
 + Level 4.8 Fighting
 + Level 5.4 Maces & Flails
 + Level 4.7 Armour
 + Level 1.5 Dodging
 + Level 5.4 Shields


You had 6 spell levels left.
You didn't know any spells.

Dungeon Overview and Level Annotations

Branches:
Dungeon (7/15)             Temple (1/1) D:4

Altars:
Ashenzari
Cheibriados
Dithmenos
Elyvilon
Fedhas
Gozag
Hepliaklqana
Kikubaaqudgha
Makhleb
Nemelex Xobeh
Okawaru
Ru
Sif Muna
Uskayaw
Vehumet
Xom
Yredelemnul
Zin


Innate Abilities, Weirdness & Mutations

You are resistant to torment.
Your stone body is resilient. (AC +4)
You are immune to poison.
You resist negative energy. (rN+)
You are resistant to electric shocks. (rElec)
You can survive without breathing.
You are immune to petrification.
You are immune to rotting.


Message History

You block the ogre's attack.
You thump the ogre!
The ogre is heavily wounded.
You hit the ogre.
The ogre is severely wounded.
The ogre hits you with a giant club.
Your shield and scale mail prevent you from hitting the ogre.
The ogre is severely wounded.
The ogre hits you with a giant club!
You are too injured to fight recklessly!
You are too injured to fight recklessly!
You are too injured to fight recklessly!
You are too injured to fight recklessly!
You are too injured to fight recklessly!
You are too injured to fight recklessly!
The ogre completely misses you.
You hit the ogre.
The ogre is severely wounded.
The ogre hits you with a giant club!!
You die...

###.........................
.##(.###..#.................
..(........................#
.##...................#####
...>.............#....###
.........##......#......#
.##.###.###......#....#.# .
#.# .###.....O#....#.# ...
....?...@.....# # ...
................. ...
.............#.#.# .....
.............#.#
.............# #
...............
#............#.#
...............#


You could see an ogre.

Vanquished Creatures
  An ogre (D:4)
  2 centaurs (D:6)
  The ghost of hilaritas the Chiller, an amateur DEIE (D:3)
  2 scorpions
  2 iguanas
  Terence (D:2)
  An orc wizard (D:3)
  Natasha (D:2)
  6 adders
  3 gnolls (D:2)
  2 oozes (D:2)
  6 worms
  3 dart slugs
  3 leopard geckos
  6 orcs
  11 bats
  4 giant cockroaches
  7 goblins
  8 hobgoblins
  3 jackals (D:3)
  7 kobolds
  2 quokkas (D:3)
  6 frilled lizards
  10 rats
98 creatures vanquished.

Notes
Turn   | Place    | Note
-------+----------+-------------------------------------------
     0 | D:1      | vineage the Gargoyle Fighter began the quest for the Orb.
     0 | D:1      | Reached XP level 1. HP: 14/14 MP: 1/1
   308 | D:1      | Reached XP level 2. HP: 18/19 MP: 2/2
   843 | D:2      | Noticed Terence
   857 | D:2      | Killed Terence
   857 | D:2      | Reached XP level 3. HP: 11/23 MP: 3/3
   980 | D:2      | Reached XP level 4. HP: 16/28 MP: 4/4
  1048 | D:2      | Found an ancient bone altar of Kikubaaqudgha.
  1230 | D:2      | Noticed Natasha
  1244 | D:2      | Killed Natasha
  1439 | D:2      | Reached XP level 5. HP: 32/32 MP: 5/5
  1832 | D:3      | Found a deep blue altar of Sif Muna.
  1958 | D:3      | Noticed hilaritas's ghost (amateur DEIE)
  1984 | D:3      | Killed hilaritas's ghost
  1984 | D:3      | Reached XP level 6. HP: 11/38 MP: 6/6
  2370 | D:3      | Reached skill level 1 in Dodging
  2687 | D:4      | Found a staircase to the Ecumenical Temple.
  2701 | Temple   | Entered the Ecumenical Temple
  2802 | Temple   | Became a worshipper of Warmaster Okawaru
  2843 | D:4      | Reached skill level 5 in Shields
  2843 | D:4      | Reached XP level 7. HP: 28/43 MP: 7/7
  3034 | D:4      | Found a snail-covered altar of Cheibriados.
  3131 | D:4      | Reached skill level 5 in Maces & Flails
  3278 | D:4      | You fall through a shaft for 3 floors!
  3296 | D:7      | Reached * piety under Okawaru
  3471 | D:6      | Slain by an ogre

Skill      XL: |  1  2  3  4  5  6  7 |
---------------+----------------------+-----
Shields        | 4 5 |  5.4
Maces & Flails | 3 4 5 |  5.4
Armour         | 4 |  4.7
Fighting       | 4 |  4.8
Dodging        | 1 |  1.5

Action                   |  1- 3 |  4- 6 |  7- 9 || total
-------------------------+-------+-------+-------++-------
Melee: Flail             |   116 |   241 |    80 ||   437
  Use: Potion            |     2 |     3 |       ||     5
       Scroll            |       |     6 |     4 ||    10
  Eat: Chunk             |       |     7 |     2 ||     9
Armor: Scale mail        |    87 |   165 |    21 ||   273
Dodge: Dodged            |    48 |    95 |    22 ||   165
Block: Shield            |    98 |   166 |    44 ||   308
